AoeStats
← Dani120588

Black Forest

509500718Analyzed
4v4 RM · 4d ago on Sep 27, 2026· 80m 12s· 8 players
Game mode
Random Map
Map size
Large (8 player)
Population
200
Speed
Normal
Resources
Standard
Victory
Conquest
Starting age
Dark Age
Ending age
Imperial Age
RankedLock teamsTeams togetherTeam positionsShared explorationLock speedFull tech treeHidden civsTurbo modeCheats
Victory
Defeat
🇺🇸 Persians · United States
805
+15
🇨🇱 Bohemians · Chile
801
+15
🇳🇿 Danes · New Zealand
775
+15
🇺🇸 Spanish · United States
767
+16
🇺🇸 Berbers · United States
794
-16
🇨🇦 Danes · Canada
775
-15
🇧🇷 Byzantines · Brazil
765
-15
🇨🇷 Romans · Costa Rica
756
-15
.:sTeeL:.
0:31 Loom
14:44 Feudal Age
17:58 Wheelbarrow
17:11 Double-Bit Axe
18:37 Stone Mining
20:57 Castle Age
18:53 Gold Mining
19:49 Wheelbarrow
19:53 Fletching
21:39 Horse Collar
22:13 Bow Saw
22:43 Gold Shaft Mining
22:44 Stone Shaft Mining
24:49 Bodkin Arrow
25:13 Hand Cart
26:23 Kasbah
33:07 Imperial Age
31:59 Ballistics
34:15 Conscription
34:32 Bracer
35:37 Chemistry
36:22 Hoardings
36:23 Murder Holes
36:39 Fortified Wall
36:40 Masonry
36:37 Heavy Plow
39:07 Guilds
39:01 Caravan
39:32 Coinage
38:55 Treadmill Crane
39:22 Siege Engineers
39:11 Elite Camel Archer
Dani120588
9:04 Loom
11:23 Feudal Age
14:50 Double-Bit Axe
14:57 Stone Mining
14:58 Gold Mining
15:08 Gold Mining
15:08 Horse Collar
20:42 Castle Age
19:36 Fletching
19:57 Forging
19:47 Scale Mail Armor
20:32 Scale Barding Armor
30:18 Wheelbarrow
30:26 Bow Saw
30:20 Heavy Plow
34:38 Imperial Age
33:03 Hand Cart
32:58 Squires
32:18 Pikeman
32:20 Man-at-Arms
33:18 Chain Mail Armor
33:38 Iron Casting
33:24 Chain Barding Armor
33:00 Bodkin Arrow
33:06 Padded Archer Armor
33:41 Town Watch
34:09 Bloodlines
34:00 Husbandry
33:21 Light Cavalry
35:57 Town Patrol
36:38 Crop Rotation
36:55 Plate Barding Armor
37:21 Blast Furnace
36:20 Heavy Scorpion
36:21 Onager
37:57 Ballistas
38:15 Halberdier
40:57 Leather Archer Armor
41:33 Long Swordsman
43:45 Chemistry
42:41 Murder Holes
43:07 Ballistics
42:54 Siege Engineers
43:01 Masonry
46:07 Legionary
47:57 Ring Archer Armor
55:45 Elite Centurion
65:47 Architecture
The Homewrecker
10:43 Feudal Age
12:50 Wheelbarrow
12:11 Double-Bit Axe
16:32 Loom
19:31 Castle Age
17:37 Stone Mining
18:27 Horse Collar
21:56 Hand Cart
24:32 Heavy Plow
25:31 Gold Mining
28:40 Scale Mail Armor
29:09 Forging
29:54 Bow Saw
31:36 Chain Mail Armor
32:20 Iron Casting
36:05 Imperial Age
36:47 Capped Ram
38:33 Plate Mail Armor
39:04 Blast Furnace
39:11 Conscription
38:14 Elite Jomsviking
38:41 Siege Ram
39:11 Arson
39:27 Squires
43:13 Hamask
46:16 Hamask
52:00 Onager
54:21 Siege Engineers
54:37 Ballistics
55:18 Chemistry
54:16 Fletching
54:29 Siege Onager
58:44 Arrowslits
58:56 Murder Holes
69:04 Masonry
70:28 Northmen's Fury
TH*[KL]
0:29 Loom
21:18 Feudal Age
22:35 Wheelbarrow
21:57 Double-Bit Axe
24:24 Horse Collar
24:56 Man-at-Arms
27:50 Gold Mining
29:01 Fletching
30:11 Stone Mining
31:29 Scale Barding Armor
33:59 Castle Age
34:37 Bodkin Arrow
35:01 Hand Cart
34:42 Pikeman
35:40 Heavy Plow
37:27 Bow Saw
43:23 Imperial Age
44:59 Gold Shaft Mining
45:37 Redemption
46:08 Illumination
46:53 Block Printing
47:16 Theocracy
48:14 Fervor
49:56 Elite Cataphract
52:08 Conscription
53:26 Onager
57:19 Chemistry
58:03 Chain Barding Armor
59:46 Bombard Tower
60:12 Guard Tower
60:43 Elite Skirmisher
75:13 Padded Archer Armor
75:43 Halberdier
77:58 Forging
77:48 Scale Mail Armor
79:36 Iron Casting
WavyRackz
0:30 Loom
8:15 Loom
11:38 Feudal Age
16:42 Castle Age
14:44 Double-Bit Axe
19:26 Stone Mining
19:45 Caravan
21:13 Wheelbarrow
23:07 Bow Saw
24:23 Scale Barding Armor
24:29 Horse Collar
25:39 Forging
25:36 Gold Mining
27:21 Stone Shaft Mining
27:26 Gold Shaft Mining
27:47 Heavy Plow
28:17 Hand Cart
34:15 Imperial Age
34:54 Conscription
33:55 Elite War Elephant
35:15 Iron Casting
35:00 Chain Barding Armor
40:19 Plate Barding Armor
40:45 Blast Furnace
41:40 Coinage
43:32 Banking
46:54 Chemistry
47:49 Light Cavalry
48:39 Bloodlines
49:48 Bloodlines
48:59 Hussar
49:41 Husbandry
56:54 Town Watch
58:06 Ballistics
67:01 Crop Rotation
66:33 Town Patrol
ZaddyStacks
0:30 Loom
17:17 Feudal Age
23:58 Castle Age
22:00 Gold Mining
21:51 Horse Collar
22:53 Stone Mining
23:16 Double-Bit Axe
25:28 Bow Saw
25:55 Stone Shaft Mining
25:22 Heavy Plow
27:58 Imperial Age
26:01 Husbandry
26:12 Bloodlines
27:35 Wheelbarrow
28:32 Hand Cart
33:05 Fortified Wall
34:22 Conscription
34:48 Elite Conquistador
35:54 Ballistics
37:53 Forging
37:50 Scale Barding Armor
39:28 Chemistry
38:41 Padded Archer Armor
39:59 Leather Archer Armor
41:20 Ring Archer Armor
41:27 Iron Casting
44:36 Caravan
48:27 Blast Furnace
47:48 Chain Barding Armor
54:05 Light Cavalry
61:21 Guilds
Memobunke
0:33 Loom
14:07 Feudal Age
14:59 Double-Bit Axe
14:59 Horse Collar
21:59 Castle Age
21:34 Town Watch
24:02 Fletching
24:18 Caravan
24:35 Bow Saw
26:02 Bodkin Arrow
30:01 Chemistry
33:45 Imperial Age
33:14 Murder Holes
xxx_Panther_xxx1
1:04 Loom
12:53 Feudal Age
17:57 Castle Age
24:18 Fletching
26:47 Bodkin Arrow
36:18 Wheelbarrow
35:29 Town Watch
43:19 Imperial Age
44:40 Bracer
44:51 Forging
44:43 Scale Mail Armor
44:11 Capped Ram
46:44 Elite Jomsviking
47:52 Town Patrol
48:29 Chain Mail Armor
48:11 Horse Collar
51:58 Hand Cart
55:45 Plate Mail Armor
55:50 Iron Casting
56:53 Conscription
55:56 Hamask
62:54 Blast Furnace
Connection lost

Rejoining the realm…

Still unreachable

The connection could not be restored.

Session expired

The server has moved on; the page needs a fresh start.